 Dungeon Crawl Stone Soup version 0.32-a0-18-g89e19f1974 (webtiles) character file.

Game seed: 2973483467230336028

478 seren the Ruffian (level 6, -4/39 HPs)
             Began as a Draconian Shapeshifter on Jan 16, 2024.
             Shot with an arrow by a centaur (6 damage)
             ... on level 5 of the Dungeon.
             The game lasted 00:10:42 (3806 turns).

seren the Ruffian (Draconian Shapeshifter)          Turns: 3806, Time: 00:10:42

Health: -4/39      AC:  7    Str: 18    XL:     6   Next: 85%
Magic:  6/6        EV: 16    Int: 10    God:
Gold:   115        SH:  0    Dex: 11    Spells: 5/5 levels left

rFire   . .          .
                       - Unarmed
rCold   + . .        (shield currently unavailable)
rNeg    . . .        (body armour unavailable)
rPois   .            (helmet restricted)
rElec   .            a - scarf {shadows}
rCorr   +            (no gloves)
SInv    .            d - +0 pair of boots
Will    .....        (no amulet)
Stlth   +            r - ring of protection from cold
HPRegen 0.26/turn    s - ring of resist corrosion
MPRegen 0.10/turn

%: no passive effects
@: flux-form, glowing
A: glow, contaminating, reduced hp, AC +6, unfitting armour, cold-blooded
a: Begin Untransformation


You were on level 5 of the Dungeon.
You were something dangerously unstable.
You visited 1 branch of the dungeon, and saw 5 of its levels.

You collected 126 gold pieces.
You spent 11 gold pieces at shops.

Inventory:

Hand Weapons
 n - a +2 whip of draining
Missiles
 i - 28 stones
 j - 26 poisoned darts (quivered)
 p - 4 boomerangs
Armour
 a - a scarf of shadows (worn)
 d - a +0 pair of boots (worn)
Jewellery
 r - a ring of protection from cold (left hand)
 s - a ring of resist corrosion (right hand)
Talismans
 b - a beast talisman
 c - a flux talisman (active)
Scrolls
 e - a scroll of enchant armour
 h - 2 scrolls of immolation {unknown}
 l - a scroll of enchant weapon {unknown}
 t - 2 scrolls of vulnerability {unknown}
 u - a scroll of acquirement {unknown}
Potions
 f - 4 potions of curing
 g - a potion of resistance {unknown}
 k - a potion of mutation {unknown}
 m - 4 potions of heal wounds
 o - a potion of enlightenment {unknown}
 q - 2 potions of cancellation


   Skills:
 + Level 3.1 Fighting
 + Level 3.0 Dodging
 + Level 2.0 Stealth
 * Level 4.9 Unarmed Combat
 * Level 4.6 Shapeshifting


You had 5 spell levels left.
You didn't know any spells.
Your spell library was empty.

Dungeon Overview and Level Annotations

Branches:
Dungeon (5/15)
 Temple: D:4-7

Altars:
Elyvilon
Hepliaklqana

Shops:
D:2 !

Annotations:
D:3 Ijyb


Innate Abilities, Weirdness & Mutations

You are something dangerously unstable.
You glow with magical radiation, making you easy to see and hit.
Foes you strike become dangerously contaminated with magical radiation.
Your maximum health is decreased, since you lack skill for your form.
You are incapable of wielding weapons or throwing items.
Your plain brown scales are hard. (AC +6)
You cannot fit into any form of body armour.
You are cold-blooded and may be slowed by cold attacks.


Message History

* * * LOW HITPOINT WARNING * * *
The centaur wields a +0 orcbow.
The centaur shoots an arrow.
The arrow closely misses you. The steam dragon closely misses you.
The steam dragon claws you but does no damage.
The centaur shoots an arrow.
The arrow closely misses you.
You hit the steam dragon.
The steam dragon glows dangerously bright.
The steam dragon is severely wounded.
The centaur shoots an arrow.
The arrow barely misses you. The steam dragon closely misses you.
The steam dragon claws you.
* * * LOW HITPOINT WARNING * * *
You hit the steam dragon.
The steam dragon shudders as magic cascades through it.
The steam dragon twists and deforms.
The steam dragon is almost dead.
The steam dragon breathes steam at you. The ball of steam misses you.
The centaur shoots an arrow.
The arrow completely misses you.
The centaur shoots an arrow.
The arrow hits you.
* * * LOW HITPOINT WARNING * * *
A scorpion comes into view.
The steam dragon bites you.
* * * LOW HITPOINT WARNING * * *
The steam dragon claws you but does no damage.
The centaur shoots an arrow.
The arrow completely misses you.
Found 10 gold pieces.
The steam dragon breathes steam at you. The ball of steam misses you.
Found 8 gold pieces and a book of Spatial Translocations.
You are engulfed in a cloud of scalding steam.
* * * LOW HITPOINT WARNING * * *
The steam dragon breathes steam at you. The ball of steam hits you!
* * * LOW HITPOINT WARNING * * *
There is a stone staircase leading up here.
You are engulfed in a cloud of scalding steam.
* * * LOW HITPOINT WARNING * * *
The centaur shoots an arrow.
The arrow hits you.
You die...

... .. ... .⌠.
###.###... ...
..#...##.# #^#
.......#.###.# #.#
........§§..# ##.##
#####....§p§.§.
#...###...#...D.§.§....
.._.....⌠.......s...$..
#...###...#..§c.#......
##.## #####..§..#......
.#.# #.......#..$...
##.## .#......##......
#...# .....##).# :..
#.⌠.#..##.§ .....


You could see a steam dragon (catching breath, misshapen), a centaur and a
scorpion.

Vanquished Creatures
  An ogre (D:2)
  2 scorpions (D:4)
  2 iguanas (D:4)
  11 gnolls
  5 adders
  An orc (D:3)
  5 ball pythons
  5 bats
  7 endoplasms
  3 giant cockroaches
  4 goblins
  6 hobgoblins
  8 jackals
  10 kobolds
  2 quokkas
  A ball python skeleton (D:2)
  A ball python zombie (D:2)
  A frilled lizard (D:1)
  3 rats
78 creatures vanquished.

Notes
Turn   | Place    | Note
-------+----------+-------------------------------------------
     0 | D:1      | seren the Draconian Shapeshifter began the quest for the
                  | Orb.
     0 | D:1      | Reached XP level 1. HP: 16/16 MP: 1/1
   249 | D:1      | Reached XP level 2. HP: 23/23 MP: 2/2
   685 | D:2      | Reached XP level 3. HP: 28/28 MP: 3/3
   780 | D:2      | Noticed an ogre
  1037 | D:2      | Found Oheo's Distillery.
  1233 | D:2      | Reached XP level 4. HP: 12/36 MP: 4/4
  1379 | D:2      | Bought a potion of degeneration for 11 gold pieces
  1422 | D:2      | Killed an ogre
  1423 | D:2      | Reached skill level 1 in Stealth
  1423 | D:2      | Reached XP level 5. HP: 19/41 MP: 5/5
  2298 | D:3      | Noticed Ijyb
  2349 | D:4      | Reached XP level 6. HP: 41/50 MP: 6/6
  2964 | D:4      | Identified the +5 war axe of Amutz {freeze, ^Drain rCorr
                  | Int+5}
  3461 | D:4      | Found a hazy altar of Hepliaklqana.
  3695 | D:5      | Entered Level 5 of the Dungeon
  3776 | D:5      | Found a white marble altar of Elyvilon.
  3790 | D:5      | Noticed a steam dragon
  3806 | D:5      | Shot with an arrow by a centaur

Illustrated notes

Levels and vault maps discovered:
D:1:      wander_arrival_estate, layout_loops_ring, minivault_23,
          serial_bayou_ford_a
D:2:      layout_basic, serial_undead, serial_undead_d, serial_undead_a,
          serial_undead_b, serial_undead_f, serial_shops, shop, minmay_vboxes
D:3:      layout_basic, uniq_ijyb
D:4:      layout_basic, kennysheep_mini, kennysheep_generic_room_8
D:5:      layout_cave_pools, elyvilon_altar_1, minmay_temple_entry_mini_moons,
          serial_shops, nicolae_shop_advertising_works
          [nicolae_subvault_shop_adworks], st_stairs_1, minmay_between,
          uniq_sigmund

Skill      XL: |  1  2  3  4  5  6 |
---------------+-------------------+-----
Dodging        | 2 3 |  3.0
Fighting       | 2 3 |  3.1
Stealth        | 1 2 |  2.0
Unarmed Combat | 4 |  4.9
Shapeshifting  | 4 |  4.6

Action                     |  1- 3 |  4- 6 || total
---------------------------+-------+-------++-------
  Melee: Unarmed           |    86 |   150 ||   236
         Tailslap          |     6 |    23 ||    29
         Punch             |     3 |     1 ||     4
  Throw: Dart              |       |    15 ||    15
         Stone             |       |    20 ||    20
Ability: Begin Untransform |     1 |     1 ||     2
    Use: Scroll            |       |     4 ||     4
         Potion            |       |     1 ||     1
   Stab: Sleeping          |     2 |       ||     2
         Distracted        |     1 |       ||     1
 Armour: Skin              |    55 |    84 ||   139
  Dodge: Dodged            |    55 |   117 ||   172
   Form: Beast             |     1 |     1 ||     2
         Flux              |       |     1 ||     1

Table legend: (Time is in decaauts)
 A = Elapsed time spent in this place.
 B = Non-inter-level travel time spent in this place.
 C = Inter-level travel time spent in this place.
 D = Time resting spent in this place.
 E = Time spent auto-exploring this place.
 F = Levels seen in this place.
 G = Mean time per level.
                   A        B        C        D        E       F      G
               +--------+--------+--------+--------+--------+-----+--------+
         Total |   3805 |   3646 |    159 |    539 |   1913 |   5 |  761.0 |
       Dungeon |   3805 |   3646 |    159 |    539 |   1913 |   5 |  761.0 |
               +--------+--------+--------+--------+--------+-----+--------+

Top non-repeatable levels by time:
     D:4: 1149 daAuts
     D:2: 1056 daAuts
     D:1: 774 daAuts
     D:3: 715 daAuts
     D:5: 110 daAuts
